AoeStats
← King_Rodriguez

Arabia

510054869Analyzed
1v1 RM · 2d ago on Sep 29, 2026· 97m 14s· 2 players
Game mode
Random Map
Map size
Tiny (2 player)
Population
200
Speed
Normal
Resources
Standard
Victory
Conquest
Starting age
Dark Age
Ending age
Imperial Age
RankedLock teamsTeams togetherTeam positionsShared explorationLock speedFull tech treeHidden civsTurbo modeCheats
Victory
Defeat
🇲🇽 Persians · Mexico
556
+20
🇩🇪 Britons · Germany
656
-20
ATHILA EL 1
7:35 Loom
10:23 Feudal Age
19:27 Castle Age
17:26 Town Watch
34:42 Imperial Age
39:22 Town Patrol
41:55 Conscription
41:50 Pikeman
46:40 Chemistry
46:23 Squires
48:37 Scale Barding Armor
48:43 Forging
51:03 Elite Skirmisher
53:14 Chain Barding Armor
53:02 Fletching
53:13 Padded Archer Armor
56:19 Bloodlines
60:10 Husbandry
60:52 Plate Barding Armor
60:53 Iron Casting
65:11 Thumb Ring
65:08 Double-Bit Axe
67:11 Blast Furnace
67:07 Heavy Camel Rider
67:49 Bodkin Arrow
68:10 Leather Archer Armor
71:34 Gold Mining
71:44 Gambesons
76:46 Halberdier
82:22 Masonry
82:34 Ballistics
82:33 Light Cavalry
82:44 Light Cavalry
87:56 Architecture
88:46 Ring Archer Armor
90:53 Wheelbarrow
96:25 Bow Saw
95:59 Horse Collar
97:03 Gold Shaft Mining
96:24 Stone Mining
96:46 Scale Mail Armor
King_Rodriguez
10:59 Feudal Age
11:29 Double-Bit Axe
15:29 Forging
23:26 Castle Age
21:38 Fletching
23:53 Crossbowman
24:53 Pikeman
25:34 Squires
31:28 Bow Saw
31:02 Horse Collar
32:45 Wheelbarrow
31:59 Town Watch
32:55 Light Cavalry
36:01 Bodkin Arrow
36:30 Ballistics
41:15 Imperial Age
41:53 Scale Barding Armor
42:35 Warwolf
42:49 Arbalester
44:16 Halberdier
45:05 Murder Holes
47:05 Yeomen
49:25 Chemistry
63:19 Padded Archer Armor
69:58 Onager
76:37 Elite Skirmisher
79:29 Leather Archer Armor
79:35 Chain Barding Armor
79:54 Iron Casting
90:09 Scale Mail Armor
Connection lost

Rejoining the realm…

Still unreachable

The connection could not be restored.

Session expired

The server has moved on; the page needs a fresh start.